 Dungeon Crawl Stone Soup version 0.30-a0-165-g1891117ce2 (webtiles) character file.

Game seed: 10413043560868933423

1029 qw the Chopper (level 8, -4/49 HPs)
             Began as a Gargoyle Fighter on Sept 28, 2022.
             Slain by an ogre
             ... wielding a +0 giant club
              (13 damage)
             ... on level 5 of the Dungeon.
             The game lasted 00:01:21 (3436 turns).

qw the Chopper (Gargoyle Fighter)                   Turns: 3436, Time: 00:01:22

Health: -4/49      AC: 18    Str: 21    XL:     8   Next: 23%
Magic:  8/8        EV:  6    Int: 10    God:
Gold:   270        SH:  4    Dex:  9    Spells: 7/7 levels left

rFire   . . .      SeeInvis .    Y - +1 war axe (chaos)
rCold   + . .      Faith    .    c - +0 buckler
rNeg    + . .      Spirit   .    l - +0 plate armour
rPois   inf        Reflect  .    (no helmet)
rElec   +          Harm     .    e - +0 cloak
rCorr   .          Rampage  .    (no gloves)
Will    +....                    (no boots)
Stlth   ..........               a - amulet of regeneration
HPRegen 0.96/turn                j - ring of willpower
MPRegen 0.11/turn                f - ring of protection from cold

@: no status effects
A: sickness immunity, AC +5, negative energy resistance 1, electricity
resistance, torment resistance 1, petrification resistance
a: no special abilities


You were on level 5 of the Dungeon.
You visited 2 branches of the dungeon, and saw 6 of its levels.

You collected 270 gold pieces.


Innate Abilities, Weirdness & Mutations

You are immune to sickness and miasma.
Your stone body is resilient. (AC +5)
You are immune to poison.
You resist negative energy. (rN+)
You are resistant to electric shocks. (rElec)
You are resistant to unholy torment.
You are immune to petrification.


   Skills:
 - Level 5.0 Fighting
 + Level 7.6 Axes
 - Level 4.2 Armour
 - Level 1.1 Dodging
 - Level 3.2 Shields


You had 7 spell levels left.
You didn't know any spells.
Your spell library was empty.

Inventory:

Hand Weapons
 b - a +0 morningstar of holy wrath
 Y - a +1 war axe of chaos (weapon)
Armour
 c - a +0 buckler (worn)
 e - a +0 cloak (worn)
 l - a +0 plate armour (worn)
Jewellery
 a - an amulet of regeneration (around neck)
 f - a ring of protection from cold (right hand)
 j - a ring of willpower (left hand)
Scrolls
 h - a scroll of identify
Potions
 d - 4 potions of might
 g - a potion of lignification
 i - a potion of heal wounds
 m - a potion of resistance
 o - 3 potions of curing

Dungeon Overview and Level Annotations

Branches:
Dungeon (5/15)             Temple (1/1) D:5

Altars:
Ashenzari
Dithmenos
Elyvilon
Gozag
Hepliaklqana
Nemelex Xobeh
Ru
Sif Muna
Trog
Uskayaw
Wu Jian
Xom
Yredelemnul

Annotations:
D:4 3 runed translucent doors, qw's ghost, amateur GrFi


Message History

Enter note: The iguana hisses angrily.
You slash the iguana!
The iguana seems to speed up.
The iguana is heavily wounded.
The iguana bites you.
You hit the iguana.
The iguana suddenly stops moving!
The iguana is heavily wounded.
The helpless iguana fails to defend itself.
You hit the iguana.
Nothing appears to happen.
The iguana is almost dead.
The iguana is no longer paralysed.
The iguana completely misses you.
You slash the iguana! You freeze the iguana.
You kill the iguana!
There is a large open door here.
You open the door.
There is an open door here.
Found a ring mail.
Enter note:
Found 2 throwing nets.
Found a ring mail.
Found a scroll of noise.
You see here a scroll of noise.
You see here a +0 ring mail.
You open the door.
There is an open door here.
o - 3 potions of curing (gained 1)
Found 5 stones.
Enter note:
Enter note:
Found a book of Minor Magic.
An ogre comes into view. It is wielding a +0 giant club.
Enter note: You hit the ogre.
The ogre flickers and vanishes!
Deactivating autopickup; reactivate with Ctrl-A.
Something hits you!!
You completely miss something. Something hits you!!
You slash something! Something hits you!
You die...

##################
#.................
#.################
#.# #.# ...### #@#
...... #.{..+
...... #..###
...... ...# ......
..#.# ......
#..... ......
#..... ####+#...
...##. #....#...
#........


There were no monsters in sight!

Vanquished Creatures
  A faun (shapeshifter) (D:3)
  Sigmund (D:5)
  An ice beast (D:3)
  An ogre (D:4)
  A howler monkey (D:3)
  A jelly (D:4)
  5 iguanas
  3 adders (D:4)
  A worm (D:2)
  2 dart slugs
  4 orcs (D:3)
  9 endoplasms
  7 goblins
  3 hobgoblins
  12 jackals
  4 quokkas
  7 ball pythons
  5 bats
  A frilled lizard (D:1)
  6 kobolds
  2 rats
77 creatures vanquished.

Vanquished Creatures (collateral kills)
  A jackal (D:2)
1 creature vanquished.

Vanquished Creatures (others)
  2 jackal zombies (D:2)
2 creatures vanquished.

Grand Total: 80 creatures vanquished

Notes
Turn   | Place    | Note
-------+----------+-------------------------------------------
     0 | D:1      | qw the Gargoyle Fighter began the quest for the Orb.
     0 | D:1      | Reached XP level 1. HP: 14/14 MP: 1/1
     0 | D:1      | 0 ||| qw: Version: 0.2-a-12-gaebbb33
     0 | D:1      | 0 ||| qw: Game counter: 838
     0 | D:1      | 0 ||| qw: Always use a shield: true
     0 | D:1      | 0 ||| qw: God list: Okawaru
     0 | D:1      | 0 ||| qw: Allow faded altars: false
     0 | D:1      | 0 ||| qw: Do Orc after D:15 true
     0 | D:1      | 0 ||| qw: Do second Lair branch before Depths: true
     0 | D:1      | 0 ||| qw: Lair rune preference: random
     0 | D:1      | 0 ||| qw: Plans: Normal, Zot:1-4, God:TSO, Crypt, Tomb,
                  | Pan, Slime:5, Hells, Abyss, Orb
     0 | D:1      | 0 ||| PLANNING D:1-11
    57 | D:1      | 57 ||| Stepping ~*~*~tactically~*~*~ (stealth).
    58 | D:1      | 58 ||| Stepping ~*~*~tactically~*~*~ (stealth).
    68 | D:1      | Reached skill level 2 in Axes
   176 | D:1      | Reached XP level 2. HP: 18/19 MP: 2/2
   221 | D:1      | 221 ||| Stepping ~*~*~tactically~*~*~ (hiding).
   377 | D:1      | You fall into a shaft and drop 1 floor!
   565 | D:2      | Found a shimmering blue altar of Sif Muna.
   569 | D:2      | 569 ||| READING scroll labelled KOMEEC RAWIN.
   570 | D:2      | 570 ||| READING 2 scrolls labelled QONEDOAHOSI.
   571 | D:2      | 571 ||| READING scroll labelled MEIKLOT MUUDE.
   572 | D:2      | 572 ||| READING scroll labelled USHRAA NUUGOOSCH.
   581 | D:2      | Reached skill level 3 in Axes
   589 | D:2      | 589 ||| FLEEEEING.
   590 | D:2      | 590 ||| FLEEEEING.
   591 | D:2      | 591 ||| FLEEEEING.
   592 | D:2      | 592 ||| STAIRDANCE
   600 | D:1      | 600 ||| Stepping ~*~*~tactically~*~*~ (stealth).
   607 | D:1      | Reached XP level 3. HP: 23/23 MP: 3/3
  1049 | D:2      | 1049 ||| Stepping ~*~*~tactically~*~*~ (stealth).
  1285 | D:2      | 1285 ||| Stepping ~*~*~tactically~*~*~ (stealth).
  1337 | D:2      | 1337 ||| Stepping ~*~*~tactically~*~*~ (stealth).
  1340 | D:2      | 1340 ||| Stepping ~*~*~tactically~*~*~ (stealth).
  1414 | D:2      | 1414 ||| Stepping ~*~*~tactically~*~*~ (hiding).
  1777 | D:2      | 1777 ||| UPGRADING to +0 cloak.
  1782 | D:2      | 1782 ||| UPGRADING to +0 plate armour.
  1792 | D:2      | 1792 ||| DROPPING +0 scale mail.
  1793 | D:2      | 1793 ||| UPGRADING to amulet of regeneration.
  1798 | D:2      | 1798 ||| UPGRADING to ring of willpower.
  1799 | D:2      | 1799 ||| DROPPING +6 ring of intelligence.
  1800 | D:2      | 1800 ||| READING scroll labelled PUDARO QIUFISS.
  1801 | D:2      | 1801 ||| DRINKING 2 viscous brown potions.
  1802 | D:2      | 1802 ||| READING 2 scrolls of identify.
  1802 | D:2      | 1802 ||| IDENTIFYING metallic orange potion
  1803 | D:2      | 1803 ||| DROPPING potion of brilliance.
  1829 | D:3      | Found a faded altar of an unknown god.
  1835 | D:3      | a quokka changed into a shapeshifter
  1835 | D:3      | Noticed a shapeshifter (shapeshifter)
  1835 | D:3      | a shapeshifter changed into a faun
  1835 | D:3      | Noticed a faun (shapeshifter)
  1841 | D:3      | Killed a faun
  1842 | D:3      | Reached skill level 6 in Axes
  1842 | D:3      | Reached XP level 4. HP: 27/28 MP: 4/4
  1842 | D:3      | Reached XP level 5. HP: 31/32 MP: 5/5
  1842 | D:3      | Reached XP level 6. HP: 35/37 MP: 6/6
  1842 | D:3      | Reached XP level 7. HP: 39/41 MP: 7/7
  1866 | D:3      | 1866 ||| Stepping ~*~*~tactically~*~*~ (stealth).
  2037 | D:3      | 2037 ||| Stepping ~*~*~tactically~*~*~ (stealth).
  2220 | D:3      | 2220 ||| READING scroll labelled PUTSEY IDULAJO.
  2221 | D:3      | 2221 ||| DRINKING 2 orange potions.
  2222 | D:3      | 2222 ||| DROPPING potion of flight.
  2259 | D:4      | 2259 ||| DROPPING +0 mace of protection.
  2304 | D:4      | Found a hazy altar of Hepliaklqana.
  2305 | D:4      | Found a shimmering altar of Xom.
  2306 | D:4      | Noticed a spectral ugly thing
  2347 | D:4      | Found a runed translucent gate.
  2348 | D:4      | Found a runed translucent gate.
  2349 | D:4      | Found a runed translucent gate.
  2351 | D:4      | Noticed qw's ghost (amateur GrFi)
  2524 | D:4      | 2524 ||| Stepping ~*~*~tactically~*~*~ (stealth).
  2556 | D:4      | Reached skill level 7 in Axes
  2737 | D:4      | 2737 ||| Stepping ~*~*~tactically~*~*~ (stealth).
  2747 | D:4      | Reached skill level 1 in Dodging
  2747 | D:4      | Reached XP level 8. HP: 49/49 MP: 8/8
  2920 | D:4      | 2920 ||| UPGRADING to ring of protection from cold.
  2921 | D:4      | 2921 ||| READING scroll labelled YDWEYT EPLEU.
  2922 | D:4      | 2922 ||| READING 2 scrolls of identify.
  2922 | D:4      | 2922 ||| IDENTIFYING fizzy dark potion
  2951 | D:5      | Entered Level 5 of the Dungeon
  3021 | D:5      | Found a staircase to the Ecumenical Temple.
  3022 | D:5      | 3022 ||| PLANNING TEMPLE
  3022 | D:5      | 3022 ||| READING 4 scrolls of identify.
  3022 | D:5      | 3022 ||| IDENTIFYING glowing cyan potion
  3023 | D:5      | 3023 ||| READING 3 scrolls of identify.
  3023 | D:5      | 3023 ||| IDENTIFYING sedimented white potion
  3024 | D:5      | 3024 ||| READING 2 scrolls of identify.
  3024 | D:5      | 3024 ||| IDENTIFYING red potion
  3025 | D:5      | 3025 ||| DROPPING potion of magic.
  3031 | Temple   | Entered the Ecumenical Temple
  3065 | Temple   | 3065 ||| PLANNING D:1-11
  3075 | D:5      | Noticed Sigmund
  3087 | D:5      | Killed Sigmund
  3435 | D:5      | HP: 8/49 [something (20)]
  3436 | D:5      | Slain by an ogre

Levels and vault maps discovered:
D:1:      nzn_arrival_crosshair, layout_basic
D:2:      layout_loops_cross, basic_altar
D:3:      layout_rooms, ebering_ecumenical_altar_mist, st_stairs_10
D:4:      layout_rooms, regret_index_temple_of_mockery, gammafunk_ghost_split,
          skrybe_limestone_x, minivault_25, kennysheep_generic_room_15
D:5:      layout_basic, minmay_temple_entry_hall, kennysheep_big_empty_room,
          uniq_sigmund
Temple:   hellmonk_temple_of_storms

Skill      XL: |  1  2  3  4  5  6  7 |
---------------+----------------------+-----
Axes           | 2 3 6 7 |  7.6
Fighting       | 5 |  5.0
Armour         | 4 |  4.2
Dodging        | 1 |  1.1
Shields        | |  3.2

Action                   |  1- 3 |  4- 6 |  7- 9 || total
-------------------------+-------+-------+-------++-------
Melee: War axe           |   123 |       |   141 ||   264
  Use: Scroll            |     6 |       |     6 ||    12
       Potion            |     1 |       |     1 ||     2
 Stab: Paralysed         |       |       |     1 ||     1
Armor: Scale mail        |    50 |       |       ||    50
       Plate armour      |     8 |       |    78 ||    86
Dodge: Dodged            |    47 |       |    27 ||    74
Block: Buckler           |    23 |       |    17 ||    40

Table legend:
 A = Non-vault XP
 B = Vault XP
 C = Vault XP percentage of total XP
 D = Non-vault monster count
 E = Vault monster count
 F = Vault count percentage of total count
                 A         B        C        D         E       F
            +---------+---------+-------+---------+---------+-------
      Total |    1222 |     249 |  16.9 |      73 |       5 |   6.4
            +---------+---------+-------+---------+---------+-------
        D:1 |      38 |       0 |   0.0 |      21 |       0 |   0.0
        D:2 |      36 |       0 |   0.0 |      18 |       0 |   0.0
        D:3 |     794 |       3 |   0.4 |      13 |       2 |  13.3
        D:4 |     319 |      15 |   4.5 |      20 |       2 |   9.1
        D:5 |      35 |     231 |  86.8 |       1 |       1 |  50.0
            +---------+---------+-------+---------+---------+-------
